 Dungeon Crawl Stone Soup version 0.28.0-53-g5a82cb258f (webtiles) character file.

Game seed: 7742818088212000186

158 KrombopulosMichael the Digger (level 5, -3/36 HPs)
             Began as a Formicid Earth Elementalist on June 26, 2022.
             Killed from afar by a white imp (9 damage)
             ... with a puff of frost
             ... summoned by Natasha
             ... on level 2 of the Dungeon.
             The game lasted 00:09:03 (2575 turns).

KrombopulosMichael the Digger (FoEE)                Turns: 2575, Time: 00:09:03

Health: -3/36      AC: 10    Str: 12    XL:     5   Next: 66%
Magic:  10/10      EV:  5    Int: 17    God:
Gold:   100        SH:  0    Dex: 11    Spells: 7/11 levels left

rFire   + . .      SeeInvis +   d - staff of fire
rCold   . . .      Faith    .   (no shield)
rNeg    . . .      Spirit   .   g - +2 chain mail
rPois   .          Reflect  .   (helmet unavailable)
rElec   .          Harm     .   (no cloak)
rCorr   .          Rampage  .   (no gloves)
Will    .....                   (no boots)
Stlth   ..........              h - amulet of regeneration
HPRegen 0.92/turn               (no ring)
MPRegen 0.12/turn               (no ring)

@: no status effects
A: permanent stasis, dig shafts and tunnels, antennae 3, four strong arms
a: Dig, Shaft Self


You were on level 2 of the Dungeon.
You visited 1 branch of the dungeon, and saw 3 of its levels.

You collected 100 gold pieces.

Inventory:

Armour
 b - a +0 robe
 f - a +0 ring mail
 g - a +2 chain mail (worn)
Magical Staves
 d - a staff of fire (weapon)
Jewellery
 h - an amulet of regeneration (around neck)
Scrolls
 j - 2 scrolls of identify {unknown}
 k - 2 scrolls of holy word {unknown}
Potions
 a - a potion of degeneration {unknown}
 c - a potion of magic {unknown}
 e - a potion of berserk rage
 i - a potion of heal wounds {unknown}
 l - a potion of flight {unknown}


   Skills:
 + Level 0.4 Fighting
 + Level 0.5 Staves
 * Level 2.7 Armour
 + Level 2.0 Dodging
 + Level 2.4 Stealth
 * Level 3.5 Spellcasting
 + Level 1.1 Transmutations
 + Level 4.9 Earth Magic


You had 7 spell levels left.
You knew the following spells:

 Your Spells              Type           Power      Damage    Failure   Level
a - Sandblast             Erth           38%        2d10      65%         1
b - Stone Arrow           Conj/Erth      22%        3d8       100%        3

Your spell library contained the following spells:

 Spells                   Type           Power      Damage    Failure   Level
 Passwall                 Tmut/Erth      10%        N/A       96%         2
 Beastly Appendage        Tmut           12%        N/A       99%         1
 Wereblood                Tmut           6%         N/A       99%         2
 Spider Form              Tmut/Pois      4%         N/A       100%        3
 Petrify                  Tmut/Erth      13%        N/A       100%        4


Dungeon Overview and Level Annotations

Branches:
Dungeon (3/15)

Altars:
Uskayaw

Annotations:
D:2 Natasha


Innate Abilities, Weirdness & Mutations

You cannot be hasted, slowed, berserked, paralysed or teleported.
You can dig through walls and to a lower floor.
You have a pair of large antennae on your head. (SInv)
Your four strong arms can wield two-handed weapons with a shield.


Message History

Natasha extends her claws.
Natasha claws you but does no damage.
You barely miss Natasha.
Natasha is almost dead.
Natasha casts a spell at you. The magic dart hits you.
Natasha stares at you and mumbles some strange words.
The magic dart hits you.
* * * LOW HITPOINT WARNING * * *
You closely miss Natasha.
Natasha is almost dead.
Natasha barely misses you.
Unknown command.
You closely miss Natasha.
Natasha is almost dead.
Natasha mumbles some strange words.
Unknown command.
You miss Natasha.
Natasha is almost dead.
Natasha claws you but does no damage.
Unknown command.
You hit Natasha but do no damage.
Natasha is almost dead.
Natasha claws you.
* * * LOW HITPOINT WARNING * * *
The white imp shouts, "Abandon hope, thou rough-hewn hedge-born maggot-pie!"
Unknown command.
You hit Natasha but do no damage.
Natasha is almost dead.
Natasha claws you.
* * * LOW HITPOINT WARNING * * *
The white imp hits you but does no damage.
Unknown command.
You closely miss Natasha.
Natasha is almost dead.
Natasha claws you.
* * * LOW HITPOINT WARNING * * *
The white imp gestures at you. The puff of frost hits you!
You die...

#.###.#...##.....#..............#
#.##..............##.............
#.##..........#..........##..###.
#.##........>.###........##.....#
#.##..........# #.......####..#..
#.##..........####............#..
................##.....#........#
........≈≈##....#.....>.........#
......≈##≈≈###..@h...............
.###..#≈≈#≈≈≈≈...5...............
.##..##≈≈≈≈≈≈##.....†............
..#..≈≈#≈≈≈#≈≈#..................
#.#..#≈≈≈≈≈≈≈≈#.................#
.....##≈#≈≈#≈≈#........'''''....#
......#≈≈≈≈≈ #.........'''''...#
......#≈#≈≈###..##.....''_''..#
........##≈#....#####..'''''.#


You could see Natasha and a white imp (summoned).

Vanquished Creatures
  Natasha (twice) (D:2)
  4 adders
  An ufetubus (D:3)
  9 orcs (D:3)
  8 endoplasms
  A giant cockroach (D:1)
  3 hobgoblins
  6 jackals (D:3)
  6 ball pythons
  4 bats
  4 frilled lizards
  4 goblins
  5 kobolds
  3 rats
60 creatures vanquished.

Notes
Turn   | Place    | Note
-------+----------+-------------------------------------------
     0 | D:1      | KrombopulosMichael the Formicid Earth Elementalist began
                  | the quest for the Orb.
     0 | D:1      | Reached XP level 1. HP: 13/13 MP: 3/3
   335 | D:1      | Reached skill level 4 in Earth Magic
   356 | D:1      | Reached XP level 2. HP: 19/19 MP: 5/5
  1062 | D:2      | Reached skill level 1 in Armour
  1062 | D:2      | Reached XP level 3. HP: 24/24 MP: 1/6
  1261 | D:2      | Noticed Natasha
  1265 | D:2      | Killed Natasha
  1266 | D:2      | Reached XP level 4. HP: 31/31 MP: 4/7
  1349 | D:2      | Learned a level 3 spell: Stone Arrow
  1877 | D:2      | Noticed Natasha
  1932 | D:3      | Reached XP level 5. HP: 36/36 MP: 7/9
  2318 | D:2      | Found a hide-covered altar of Uskayaw.
  2356 | D:2      | Killed Natasha
  2467 | D:2      | Found a faded altar of an unknown god.
  2552 | D:2      | Noticed Natasha
  2575 | D:2      | Killed from afar by a white imp

Illustrated notes

Levels and vault maps discovered:
D:1:      minmay_arrival_five_plusses, layout_loops_ring,
          corexii_item_surrounded_by_moat
D:2:      layout_rooms, hellmonk_ecumenical_altar_heavens_door, basic_altar,
          minivault_4, kennysheep_another_room, roderic_lattice_a,
          minmay_tetromino_l2, uniq_natasha
D:3:      layout_basic

Skill      XL: |  1  2  3  4  5 |
---------------+----------------+-----
Earth Magic    | 4 |  4.9
Armour         | 1 2 |  2.7
Spellcasting   | 3 |  3.5
Dodging        | 2 |  2.0
Fighting       | |  0.4
Staves         | |  0.5
Stealth        | |  2.4
Transmutations | |  1.1

Action                   |  1- 3 |  4- 6 || total
-------------------------+-------+-------++-------
Melee: Staff             |    51 |    72 ||   123
       Punch             |       |     2 ||     2
 Cast: Sandblast         |    18 |    53 ||    71
       Stone Arrow       |       |     2 ||     2
  Use: Potion            |     2 |       ||     2
       Scroll            |     1 |     3 ||     4
Armor: Chain mail        |    26 |     9 ||    35
       Robe              |     2 |       ||     2
       Ring mail         |     1 |    20 ||    21
Dodge: Dodged            |    25 |    51 ||    76
